 Dungeon Crawl Stone Soup version 0.23.2-1-ga50397a6bc (webtiles) character file.

Game seed: 7295267591097182423

56 Andrea the Insei (level 3, -6/23 HPs)
             Began as an Octopode Transmuter on May 29, 2019.
             Killed from afar by Grinder (10 damage)
             ... with a wand of flame (14)
             ... on level 3 of the Dungeon.
             The game lasted 00:03:04 (1278 turns).

Andrea the Insei (Octopode Transmuter)              Turns: 1278, Time: 00:03:04

Health: -6/23      AC:  1    Str: 10    XL:     3   Next: 95%
Magic:  6/6        EV: 13    Int: 15    God:
Gold:   61         SH:  0    Dex: 12    Spells: 0/6 levels left

rFire    . . .     SeeInvis .     - Unarmed
rCold    . . .     Gourm    .   (no shield)
rNeg     . . .     Faith    .   (helmet restricted)
rPois    .         Spirit   .   k - amulet of regeneration
rElec    .         Reflect  .   (no ring)
rCorr    .         Harm     .   (no ring)
MR       .....                  (no ring)
Stlth    ++........             (no ring)
HPRegen  0.47/turn              (no ring)
MPRegen  0.10/turn              (no ring)
                                (no ring)
                                (no ring)

@: no status effects
A: almost no armour, stealthy swim, amphibious, 8 rings, constrict 8, camouflage
1, gelatinous body 1
a: no special abilities


You were on level 3 of the Dungeon.
You were not hungry.

You visited 1 branch of the dungeon, and saw 3 of its levels.

You collected 61 gold pieces.

Inventory:

Missiles
 a - 46 arrows
Jewellery
 k - an amulet of regeneration (around mantle)
Scrolls
 b - 2 scrolls of remove curse {unknown}
 h - a scroll of teleportation {unknown}
 j - 3 scrolls of identify {unknown}
 l - a scroll of immolation {unknown}
Potions
 e - 2 potions of degeneration {unknown}
 f - a potion of heal wounds {unknown}
 g - a potion of magic {unknown}
 i - a potion of curing {unknown}
Comestibles
 c - 6 rations
 d - 5 chunks of flesh


   Skills:
 + Level 1.5 Fighting
 - Level 2.0 Dodging
 * Level 3.5 Unarmed Combat
 + Level 2.2 Spellcasting
 * Level 2.8 Transmutations
 * Level 1.1 Poison Magic


You couldn't memorise any spells.
You knew the following spells:

 Your Spells              Type           Power        Failure   Level  Hunger
a - Beastly Appendage     Tmut           ##....       7%          1    #......
b - Sticks to Snakes      Tmut           ##......     11%         2    ###....
c - Spider Form           Tmut/Pois      #.........   28%         3    ###....

Your spell library contained the following spells:

 Spells                   Type           Power        Failure   Level  Hunger
 Ice Form                 Ice/Tmut       #.......     77%         4    #####..
 Blade Hands              Tmut           ##........   88%         5    ######.


Dungeon Overview and Level Annotations

Branches:
Dungeon (2/15)

Altars:

Annotations:
D:3 Grinder


Innate Abilities, Weirdness & Mutations

You cannot wear most types of armour.
You are very stealthy in the water. (Stealth+)
You are amphibious.
You can wear up to eight rings at the same time.
You can use your tentacles to constrict eight enemies at once.
Your skin changes colour to match your surroundings (Stealth+).
Your rubbery body absorbs attacks. (AC +1, EV +1)


Message History

Some of the chunks of flesh in your inventory have rotted away.
The helpless giant cockroach fails to defend itself.
You tentacle-slap the giant cockroach but do no damage.
Your grab misses the giant cockroach. The giant cockroach barely misses you.
You bludgeon the giant cockroach!
You kill the giant cockroach!
You see here a giant cockroach corpse.
You butcher the giant cockroach corpse.
d - 5 chunks of flesh (gained 2)
Found an escape hatch in the floor.
Grinder comes into view.
She is carrying a wand of flame (14).
Grinder gestures at you.
You suddenly lose the ability to move!
Grinder hits you!
You writhe in agony.
Grinder hits you!
* * * LOW HITPOINT WARNING * * *
Grinder blinks!
You can move again.
Grinder zaps a wand.
The puff of flame hits you!
You die...

#### # #######.. ..#
#.....#.# ###.#####
#.....#.###.... ..#
............#.# #5#
......#.#...#.###.#
....[.#.#......##ยง#
..#####........##.#
.## #####.....@.# ##
####.#### # #>..# #
###.# # #.# # ..#
#.# .. #.# ## >. #.#
.# .## #.#


You could see Grinder.

Vanquished Creatures
  2 adders (D:2)
  A dart slug (D:1)
  6 bats
  5 giant cockroaches
  4 hobgoblins
  5 kobolds
  A frilled lizard (D:1)
  6 goblins
  5 rats
35 creatures vanquished.

Notes
Turn   | Place    | Note
-------+----------+-------------------------------------------
     0 | D:1      | Andrea the Octopode Transmuter began the quest for the Orb.
     0 | D:1      | Reached XP level 1. HP: 13/13 MP: 3/3
   209 | D:1      | Reached XP level 2. HP: 18/18 MP: 3/5
   675 | D:1      | Learned a level 2 spell: Sticks to Snakes
   857 | D:2      | Reached XP level 3. HP: 23/23 MP: 6/6
   869 | D:2      | Learned a level 3 spell: Spider Form
  1150 | D:2      | Reached skill level 1 in Poison Magic
  1197 | D:2      | You fall through a shaft!
  1271 | D:3      | Noticed Grinder
  1271 | D:3      | Paralysed by Grinder for 7 turns
  1278 | D:3      | Killed from afar by Grinder

Skill      XL: |  1  2  3 |
---------------+----------+-----
Poison Magic   | 1 |  1.1
Fighting       | |  1.5
Dodging        | |  2.0
Unarmed Combat | |  3.5
Spellcasting   | |  2.2
Transmutations | |  2.8

Action                   || total
-------------------------++-------
Melee: Unarmed           ||    67
       Constrict         ||    22
       Kick              ||    11
       Tentacles         ||    10
       Punch             ||     2
 Cast: Beastly Appendage ||    15
 Stab: Sleeping          ||     5
  Eat: Chunk             ||     1
Armor: Skin              ||    10
Dodge: Dodged            ||    52
